AoeStats
← hdf

Arabia

509057317Analyzed
1v1 RM · 8d ago on Sep 25, 2026· 45m 24s· 2 players
Game mode
Random Map
Map size
Tiny (2 player)
Population
200
Speed
Normal
Resources
Standard
Victory
Conquest
Starting age
Dark Age
Ending age
Imperial Age
RankedLock teamsTeams togetherTeam positionsShared explorationLock speedFull tech treeHidden civsTurbo modeCheats
Victory
Defeat
🇩🇪 Danes · Germany
935
+17
🇹🇷 Huns · Türkiye
951
-17
hdf
9:19 Loom
11:24 Feudal Age
13:17 Double-Bit Axe
13:13 Horse Collar
19:52 Castle Age
19:09 Forging
19:04 Scale Mail Armor
21:10 Iron Casting
21:53 Gambesons
23:04 Squires
30:14 Chain Mail Armor
29:54 Elite Skirmisher
32:13 Fletching
33:01 Wheelbarrow
34:09 Town Watch
37:10 Imperial Age
35:10 Bodkin Arrow
38:15 Elite Varangian Guard
40:42 Elite Skirmisher
42:37 Padded Archer Armor
44:04 Bracer
makrimonos
9:52 Feudal Age
10:34 Double-Bit Axe
19:49 Castle Age
17:34 Horse Collar
19:32 Gold Mining
20:07 Bloodlines
20:04 Scale Barding Armor
20:55 Husbandry
21:00 Husbandry
28:03 Ballistics
30:12 Fletching
32:34 Padded Archer Armor
34:56 Leather Archer Armor
39:48 Marauders
44:47 Imperial Age
42:56 Wheelbarrow
42:09 Town Watch
43:00 Wheelbarrow
44:08 Gold Shaft Mining
43:52 Heavy Plow
45:20 Town Patrol
45:35 Hand Cart
Connection lost

Rejoining the realm…

Still unreachable

The connection could not be restored.

Session expired

The server has moved on; the page needs a fresh start.